Map: Cerulean Fall LE

Players

Serral - Winner!

  • Race: Zerg Zerg
  • Spawn Location: 7:00

Reynor

  • Race: Zerg Zerg
  • Spawn Location: 1:00

Event: WCS Montreal 2018

VOD

Have the link to the VOD?

Description

Time

  • Played on: Sept. 9, 2018, 6:05 p.m.
  • Length: 32:24

All games in this series

Show
View Real Time Build Order
Export as new Build Order

Serral Zerg - Winner!

Build Orders: Hatch First, Lurkers 

Get SALT Encoding   

  12  0:00  Drone  
  13  0:12  Overlord  
  13  0:17  Drone  
  14  0:31  Drone x2  
  16  0:49  Hatchery  
  15  0:51  Drone  
  15  0:57  Drone  
  17  0:59  Drone  
  18  1:10  Extractor  
  17  1:14  Spawning Pool  
  17  1:17  Drone  
  17  1:20  Drone  
  18  1:28  Drone  
  19  1:40  Drone  
  20  1:50  Overlord  
  20  2:01  Queen x2  
  20  2:08  Drone x2  
  26  2:09  Metabolic Boost  
  26  2:11  Drone  
  26  2:12  Drone  
  28  2:22  Zergling x2  
  29  2:23  Zergling x2  
  30  2:34  Hatchery  
  30  2:37  Drone  
  30  2:44  Baneling Nest, Drone  
  29  2:47  Drone  
  31  2:51  Drone  
  31  2:54  Overlord  
  32  3:02  Drone  
  32  3:04  Drone  
  34  3:07  Drone  
  34  3:10  Drone  
  34  3:11  Overlord  
  36  3:13  Zergling x2  
  36  3:14  Zergling x2  
  36  3:16  Zergling x2  
  36  3:18  Drone  
  40  3:20  Drone  
  40  3:22  Drone  
  42  3:28  Baneling  
  42  3:35  Zergling x2  
  42  3:37  Queen  
  42  3:40  Evolution Chamber  
  44  3:41  Drone x4  
  44  3:45  Overlord  
  44  3:48  Drone  
  49  3:50  Drone x2  
  49  3:52  Baneling x2  
  51  3:56  Zergling x4  
  51  4:01  Drone x3  
  55  4:09  Roach Warren  
  54  4:15  Extractor  
  54  4:16  Extractor, Drone x3  
  55  4:20  Overlord  
  56  4:24  Drone x2  
  56  4:27  Drone  
  56  4:31  Overlord  
  58  4:33  Overlord  
  58  4:35  Overlord  
  57  4:48  Overlord  
  57  4:51  Roach x3  
  75  4:52  Roach  
  75  4:53  Roach x5  
  75  4:59  Roach x3  
  80  5:17  Roach x7  
  93  5:28  Zergling x16  
  95  5:35  Zergling x4  
  96  5:38  Zergling x2  
  95  5:44  Zergling x4  
  97  5:53  Ravager  
  97  5:54  Ravager  
  97  5:56  Zergling x6, Ravager  
  99  6:00  Ravager  
  99  6:01  Zergling x14  
  94  6:04  Baneling x2  
  94  6:05  Baneling x4  
  94  6:06  Baneling x4  
  94  6:08  Queen  
  96  6:14  Zergling x12  
  96  6:15  Baneling  
  96  6:17  Baneling  
  102  6:23  Zergling x4  
  103  6:25  Baneling x5  
  103  6:28  Zergling x4  
  105  6:33  Overlord x2  
  105  6:39  Overlord  
  102  6:42  Overlord  
  102  6:44  Baneling x6  
  102  6:46  Zergling x2  
  98  6:48  Zergling x2  
  98  6:51  Zergling x4  
  94  6:54  Zergling x4  
  94  6:55  Zergling x2  
  94  6:58  Zergling x2  
  84  7:01  Zergling x2  
  84  7:03  Zergling x2  
  84  7:05  Zergling x2  
  72  7:09  Queen  
  72  7:11  Queen  
  67  7:16  Queen  
  69  7:25  Spore Crawler  
  67  7:31  Drone x6  
  72  7:42  Drone x8  
  79  7:50  Spore Crawler  
  79  7:51  Spore Crawler  
  77  7:53  Lair  
  77  7:56  Queen  
  79  8:00  Baneling x2  
  79  8:03  Queen  
  81  8:13  Spore Crawler  
  81  8:19  Drone x9  
  89  8:24  Drone, Roach  
  89  8:25  Drone  
  92  8:29  Spore Crawler  
  89  8:35  Queen  
  89  8:36  Extractor  
  89  8:38  Baneling, Queen  
  89  8:39  Baneling  
  91  8:42  Spore Crawler  
  91  8:48  Drone x2  
  92  8:49  Extractor x2, Roach x4  
  92  8:53  Zerg Missile Weapons Level 1  
  92  8:55  Glial Reconstitution  
  98  8:58  Roach  
  98  9:01  Spore Crawler  
  98  9:04  Roach x2  
  97  9:17  Drone x7  
  103  9:25  Roach  
  103  9:27  Roach x2  
  109  9:36  Drone x2  
  109  9:37  Hydralisk Den  
  114  9:38  Roach x3  
  114  9:39  Spore Crawler  
  114  9:43  Roach  
  115  9:51  Drone  
  114  9:56  Drone  
  114  9:57  Spore Crawler, Drone  
  114  9:58  Spore Crawler  
  114  9:59  Drone  
  115  10:00  Spore Crawler  
  115  10:02  Spore Crawler  
  113  10:09  Grooved Spines  
  113  10:10  Lurker Den  
  113  10:11  Roach x4  
  113  10:12  Baneling x4  
  120  10:19  Overlord  
  120  10:21  Spore Crawler  
  117  10:22  Overlord x2  
  117  10:38  Tunneling Claws  
  117  10:39  Burrow  
  117  10:42  Extractor, Roach x4  
  122  10:46  Roach  
  122  10:47  Roach  
  124  10:53  Roach x2  
  124  10:54  Roach  
  130  10:59  Zerg Missile Weapons Level 2  
  130  11:04  Extractor, Drone x3  
  132  11:09  Hydralisk x2  
  132  11:11  Ravager x4  
  136  11:19  Drone  
  136  11:20  Drone x5  
  136  11:22  Hydralisk  
  142  11:37  Lurker x2  
  144  11:41  Hydralisk  
  144  11:43  Overlord  
  146  11:49  Overlord, Overseer  
  146  11:51  Overseer  
  146  12:00  Overlord  
  146  12:02  Extractor  
  142  12:10  Roach x7  
  142  12:15  Roach x9  
  153  12:33  Overlord  
  153  12:34  Hydralisk x2, Roach x3  
  153  12:36  Muscular Augments  
  159  12:48  Roach x6  
  159  12:49  Roach x9  
  159  13:00  Lurker x3  
  159  13:01  Hydralisk x3, Lurker  
  169  13:06  Infestation Pit, Hatchery  
  167  13:13  Hydralisk  
  167  13:15  Zerg Ground Armor Level 1  
  167  13:16  Overlord x3, Roach x2  
  169  13:20  Roach  
  169  13:21  Roach x2  
  169  13:32  Roach x6  
  165  13:40  Lurker  
  165  13:41  Lurker x3  
  167  13:43  Hydralisk x9  
  167  13:44  Hydralisk x2  
  179  13:55  Overseer  
  179  13:57  Hive  
  179  14:07  Overseer  
  178  14:12  Drone  
  179  14:22  Hatchery  
  178  14:27  Hydralisk x7  
  192  14:35  Roach x7  
  192  14:36  Roach x5  
  192  14:38  Roach  
  182  14:41  Roach x5  
  182  14:42  Unknown x2  
  172  15:06  Drone x3  
  171  15:17  Roach x13  
  186  15:25  Roach x2  
  188  15:32  Adaptive Talons  
  186  15:44  Hatchery  
  181  15:53  Viper x2  
  187  16:02  Viper x2  
  193  16:08  Zerg Missile Weapons Level 3  
  193  16:18  Roach x15  
  193  16:22  Roach x6  
  193  16:27  Overlord  
  193  16:28  Overlord  
  189  16:40  Overlord  
  189  16:46  Lurker  
  189  16:47  Roach x11, Lurker  
  189  16:53  Hydralisk x6  
  195  17:01  Roach  
  195  17:02  Drone  
  195  17:05  Spore Crawler  
  195  17:13  Viper  
  195  17:14  Hydralisk  
  195  17:15  Hydralisk  
  200  17:29  Extractor, Drone  
  200  17:37  Unknown x2  
  176  17:46  Hydralisk  
  170  17:52  Hydralisk x11  
  170  17:54  Roach x3  
  170  17:56  Extractor, Roach x8  
  191  18:04  Roach  
  191  18:05  Roach x10  
  199  18:10  Lurker  
  199  18:11  Lurker  
  200  18:16  Roach x3  
  200  18:19  Unknown x2  
  196  18:20  Unknown  
  196  18:27  Roach x2  
  196  18:33  Roach  
  200  18:39  Roach  
  190  18:51  Overseer x5  
  190  18:55  Zerg Ground Armor Level 2  
  190  19:01  Hydralisk x2  
  190  19:02  Hydralisk x4  
  198  19:14  Hatchery  
  197  19:24  Roach x10  
  197  19:25  Pneumatized Carapace  
  197  19:32  Hatchery  
  194  20:06  Roach x6  
  198  20:21  Overseer  
  196  20:34  Roach  
  196  20:35  Roach x3  
  200  20:39  Roach  
  198  20:44  Roach x2  
  196  20:54  Spore Crawler  
  187  21:14  Roach x5  
  187  21:18  Extractor x2  
  180  21:20  Hydralisk x10  
  197  21:37  Roach x2  
  197  21:38  Roach x2  
  199  21:40  Lurker  
  199  21:41  Lurker x2  
  199  21:42  Roach  
  200  22:05  Roach x5  
  197  22:14  Viper  
  200  22:18  Zerg Ground Armor Level 3  
  193  22:30  Hydralisk  
  193  22:31  Hydralisk, Drone x2  
  196  22:44  Roach x3  
  196  22:48  Roach  
  196  22:49  Roach x3  
  199  22:56  Roach x2  
  199  22:57  Roach  
  195  23:00  Viper  
  195  23:01  Roach  
  200  23:20  Drone  
  200  23:24  Hydralisk x6  
  200  23:26  Drone  
  196  23:41  Overseer  
  196  23:42  Roach x3  
  200  23:50  Drone  
  167  23:55  Hydralisk x9  
  167  23:56  Hydralisk x8  
  193  24:03  Hatchery  
  193  24:07  Hydralisk x4, Roach x2  
  193  24:08  Roach x3  
  198  24:26  Hatchery  
  198  24:31  Unknown x4  
  193  24:35  Roach  
  193  24:36  Roach  
  193  24:37  Roach  
  191  24:40  Roach x5  
  198  24:53  Roach x2  
  198  24:56  Overseer, Roach  
  196  25:02  Roach x3  
  200  25:07  Overseer  
  192  25:25  Hatchery  
  192  25:28  Hydralisk x8  
  195  25:53  Hydralisk x7  
  199  25:59  Lurker  
  199  26:03  Overlord  
  199  26:04  Overlord  
  200  26:06  Overlord  
  192  26:25  Roach x4  
  200  26:31  Roach x4  
  198  26:52  Roach  
  199  27:07  Hatchery  
  199  27:08  Lurker x5  
  196  27:15  Hydralisk x2  
  197  27:22  Overseer  
  199  27:23  Overseer  
  199  27:37  Drone  
  199  27:42  Overseer  
  200  27:49  Hydralisk x3  
  176  28:06  Viper x3  
  176  28:10  Hydralisk  
  176  28:11  Hydralisk x8  
  200  28:21  Overlord  
  200  28:41  Unknown x4  
  200  28:47  Hydralisk  
  200  28:54  Viper  
  200  28:55  Viper  
  198  29:01  Unknown x3  
  198  29:13  Hydralisk x2  
  191  29:36  Unknown x3  
  191  29:37  Unknown x3, Roach x20  
  187  29:43  Hydralisk x12  
  177  29:50  Lurker  
  177  29:51  Roach  
  177  29:52  Roach  
  173  30:02  Overlord x2  
  173  30:06  Roach x6  
  159  30:21  Roach x5  
  159  30:27  Roach  
  159  30:28  Roach x2  
  141  30:31  Roach  
  130  30:37  Lurker x2  
  130  30:41  Roach x3  
  138  30:46  Drone  
  138  30:47  Roach x4  
  138  30:48  Roach x2  
  143  30:58  Lurker  
  143  31:01  Extractor  
  143  31:02  Extractor  
  143  31:03  Drone x3, Roach x14  
  143  31:04  Drone x3  
  148  31:08  Roach x2  
  152  31:20  Hydralisk x3  
  152  31:25  Overseer  
  158  31:26  Roach  
  158  31:27  Roach  
  158  31:28  Roach x2  
  158  31:31  Roach x3  
  147  31:42  Roach x5  
  153  31:53  Roach  
  153  31:54  Roach x3  
  145  32:02  Roach x3  
  151  32:09  Ravager  
Show
View Real Time Build Order
Export as new Build Order

Reynor Zerg 

Build Orders: Hatch First, Lurkers 

Get SALT Encoding   

  12  0:00  Drone  
  13  0:12  Overlord  
  13  0:17  Drone  
  14  0:30  Drone x2  
  14  0:34  Drone  
  17  0:52  Hatchery  
  17  0:55  Drone  
  17  0:59  Drone  
  18  1:09  Extractor  
  17  1:13  Spawning Pool  
  17  1:16  Drone  
  17  1:20  Drone  
  18  1:28  Drone  
  19  1:38  Drone  
  20  1:49  Overlord  
  20  2:00  Queen  
  22  2:03  Queen  
  24  2:09  Drone x2  
  24  2:11  Drone  
  24  2:15  Drone  
  28  2:17  Metabolic Boost  
  28  2:21  Drone  
  29  2:26  Drone  
  30  2:38  Hatchery  
  30  2:43  Drone x2  
  31  2:46  Overlord  
  31  2:52  Zergling x2  
  31  2:53  Baneling Nest  
  31  2:56  Zergling x2  
  32  3:03  Queen  
  34  3:06  Zergling x2  
  34  3:08  Drone  
  34  3:09  Drone  
  37  3:14  Zergling x4  
  37  3:18  Drone  
  37  3:19  Drone  
  41  3:20  Drone  
  41  3:24  Overlord  
  42  3:27  Drone  
  42  3:30  Drone  
  44  3:39  Overlord  
  44  3:40  Lair  
  44  3:46  Drone x2  
  44  3:47  Drone  
  47  3:53  Zergling x2, Queen  
  50  3:55  Zergling x2  
  50  3:58  Drone x2  
  53  4:05  Drone x3  
  53  4:07  Overlord  
  53  4:09  Extractor  
  56  4:10  Drone  
  56  4:13  Baneling x2  
  56  4:15  Drone x2  
  56  4:16  Drone  
  59  4:20  Drone  
  59  4:21  Drone x2  
  59  4:24  Drone  
  63  4:28  Extractor  
  63  4:29  Extractor  
  61  4:31  Drone x2  
  61  4:33  Overlord  
  61  4:35  Drone x3  
  65  4:42  Baneling x2  
  65  4:45  Drone x3  
  68  4:50  Zergling x6  
  68  4:51  Drone  
  68  4:52  Drone x2  
  74  4:55  Overlord  
  74  5:01  Zergling x4  
  74  5:05  Spire  
  74  5:06  Zergling x6  
  78  5:16  Zergling x8  
  78  5:17  Zergling x6  
  80  5:22  Overlord  
  80  5:24  Zergling x2, Queen  
  81  5:30  Spine Crawler, Zergling x2  
  81  5:33  Zergling x6  
  81  5:34  Baneling x3  
  81  5:35  Baneling  
  82  5:36  Baneling  
  82  5:37  Baneling x3  
  82  5:39  Baneling  
  82  5:43  Baneling x3  
  82  5:44  Zergling x4  
  82  5:45  Zergling x2  
  82  5:47  Zergling x4  
  83  5:50  Zergling x2  
  83  5:54  Zergling x2  
  81  5:59  Zergling x4  
  78  6:08  Zergling x4  
  78  6:09  Zergling x4  
  82  6:12  Spine Crawler, Queen  
  82  6:14  Spine Crawler  
  82  6:16  Baneling x4  
  82  6:17  Zergling x6  
  85  6:23  Mutalisk x2  
  88  6:26  Baneling  
  88  6:27  Zergling x2  
  88  6:29  Baneling  
  88  6:30  Baneling  
  88  6:31  Mutalisk  
  91  6:34  Baneling x2  
  90  6:40  Mutalisk x2  
  90  6:42  Zergling x4  
  90  6:45  Zergling x4  
  85  6:51  Mutalisk  
  85  6:52  Zergling x2  
  84  6:56  Queen  
  84  6:58  Zergling x2  
  84  7:00  Mutalisk  
  65  7:08  Mutalisk  
  65  7:09  Queen  
  65  7:14  Zergling x4  
  67  7:16  Baneling x2  
  67  7:18  Queen  
  67  7:20  Zergling x2  
  70  7:24  Zergling x4  
  70  7:26  Baneling x2  
  70  7:28  Baneling  
  72  7:31  Drone  
  72  7:36  Baneling  
  73  7:37  Zergling x4  
  73  7:40  Zergling x2  
  74  7:46  Zergling x4  
  74  7:50  Baneling x4, Evolution Chamber  
  74  7:52  Drone  
  74  7:55  Drone  
  74  7:57  Drone  
  74  7:58  Zerg Flyer Weapons Level 1  
  77  8:02  Zergling x2  
  77  8:04  Drone x2  
  80  8:09  Mutalisk  
  80  8:10  Zergling x4  
  82  8:23  Mutalisk  
  82  8:24  Zergling x6  
  82  8:26  Drone x2  
  85  8:28  Drone x2  
  85  8:29  Drone x2  
  85  8:32  Drone  
  89  8:36  Drone  
  90  8:41  Mutalisk x2  
  90  8:47  Extractor  
  93  8:48  Mutalisk, Extractor  
  93  8:52  Drone x2  
  96  8:56  Overlord  
  96  9:01  Zergling x2  
  96  9:02  Overlord  
  97  9:04  Zerg Missile Weapons Level 1  
  97  9:05  Roach Warren  
  97  9:06  Overlord  
  96  9:10  Baneling x3  
  96  9:11  Zergling x2  
  94  9:18  Drone x3  
  94  9:20  Drone  
  94  9:22  Hydralisk Den  
  94  9:23  Drone x2  
  99  9:24  Drone  
  100  9:34  Queen  
  102  9:45  Glial Reconstitution  
  102  9:47  Hatchery  
  102  9:49  Roach x4  
  102  9:50  Roach x4  
  117  9:54  Drone  
  117  9:57  Drone  
  117  9:58  Lurker Den  
  117  9:59  Roach  
  120  10:05  Overlord x2  
  120  10:06  Overlord  
  120  10:14  Overlord  
  120  10:19  Overlord  
  120  10:25  Roach x7  
  134  10:31  Overlord  
  134  10:34  Drone x3  
  137  10:37  Roach x3  
  137  10:39  Drone x2  
  145  10:46  Roach x3  
  147  10:52  Hydralisk x2  
  147  10:53  Hydralisk  
  150  10:58  Hydralisk x2  
  150  11:02  Hydralisk  
  156  11:09  Overlord, Zerg Missile Weapons Level 2  
  154  11:26  Lurker  
  154  11:27  Overseer, Lurker x5  
  154  11:30  Roach x4  
  154  11:31  Roach x3  
  154  11:32  Overlord x2  
  174  11:41  Overlord  
  174  11:42  Ravager  
  174  11:44  Overlord  
  175  11:49  Infestation Pit  
  175  11:51  Roach x3  
  175  11:52  Ravager  
  175  11:53  Ravager x2  
  175  11:54  Drone x2, Roach  
  185  11:55  Drone x4  
  185  11:56  Extractor  
  185  12:01  Overlord  
  187  12:09  Roach x7  
  186  12:18  Roach x2  
  186  12:19  Roach x3  
  178  12:23  Roach x3  
  177  12:30  Roach x2  
  177  12:31  Roach x3  
  177  12:36  Spore Crawler  
  168  12:38  Spore Crawler  
  168  12:39  Roach x2  
  168  12:41  Overseer  
  168  12:43  Drone x2  
  168  12:44  Drone  
  172  12:45  Ravager x3  
  172  12:48  Unknown  
  172  12:50  Spore Crawler  
  172  12:51  Overseer x2  
  174  12:52  Drone  
  174  12:54  Ravager x2  
  177  13:02  Roach x3  
  177  13:03  Roach x2  
  187  13:09  Ravager  
  187  13:12  Roach x4  
  194  13:33  Roach x4  
  194  13:34  Roach  
  196  13:47  Hive  
  196  13:49  Pneumatized Carapace  
  196  13:55  Spore Crawler  
  195  14:01  Zerg Ground Armor Level 1  
  195  14:03  Extractor, Overseer  
  195  14:08  Roach x4  
  200  14:25  Muscular Augments  
  196  14:41  Roach x8  
  199  14:51  Unknown x2, Overseer  
  196  15:00  Ravager x4  
  192  15:27  Unknown x2  
  172  15:30  Viper  
  172  15:31  Viper x4  
  172  15:33  Roach x8  
  191  15:55  Zerg Missile Weapons Level 3  
  191  15:57  Evolution Chamber  
  191  15:58  Ravager x4  
  191  16:00  Hatchery  
  193  16:05  Roach x3  
  197  16:30  Zerg Ground Armor Level 2  
  197  16:32  Evolution Chamber  
  196  16:34  Overseer  
  196  16:35  Overseer  
  196  16:39  Roach  
  200  16:40  Roach x4  
  193  16:47  Drone x4  
  193  16:49  Ravager x4  
  193  16:51  Roach x5  
  193  16:52  Roach  
  199  17:03  Ravager  
  200  17:09  Spine Crawler  
  200  17:11  Spine Crawler  
  198  17:21  Ravager x2  
  200  17:26  Grooved Spines  
  188  17:41  Overlord x4  
  168  17:49  Hydralisk x16  
  159  17:51  Roach x2  
  159  17:52  Roach x2  
  159  17:53  Overlord x2  
  159  17:56  Overlord  
  167  18:00  Hydralisk x3  
  167  18:03  Roach x8  
  167  18:04  Hatchery  
  188  18:06  Hydralisk  
  188  18:11  Roach x2  
  194  18:15  Roach x2  
  194  18:25  Roach x3  
  198  18:34  Roach  
  198  18:48  Roach x3  
  198  18:53  Overlord x2  
  200  19:00  Overlord  
  200  19:11  Zerg Ground Armor Level 3  
  200  19:16  Overseer x2  
  200  19:28  Hatchery  
  199  19:34  Unknown x2  
  199  19:36  Unknown x8  
  199  19:37  Unknown  
  193  19:53  Roach x4  
  197  20:03  Roach  
  198  20:18  Hydralisk  
  200  20:26  Unknown x4  
  200  20:27  Unknown x3  
  194  20:51  Roach x3  
  200  21:02  Roach x7  
  200  21:05  Spore Crawler  
  200  21:07  Burrow, Ravager  
  194  21:32  Roach x6  
  200  21:39  Hydralisk x3  
  198  22:06  Roach x2  
  200  22:17  Roach x20  
  198  22:30  Drone x2  
  198  22:32  Tunneling Claws  
  200  22:41  Unknown  
  200  22:42  Unknown x9  
  199  22:55  Roach  
  199  22:58  Unknown x9, Overseer  
  198  23:25  Roach x4  
  198  23:26  Roach x2  
  193  23:56  Hydralisk x4  
  193  24:03  Extractor x2, Drone x2, Queen  
  193  24:06  Roach x34  
  193  24:07  Roach  
  195  24:16  Hatchery  
  194  24:18  Overseer  
  194  24:23  Roach x3  
  200  24:24  Unknown x12  
  195  24:32  Roach x2  
  197  24:40  Roach  
  196  24:57  Roach x2  
  197  25:07  Roach  
  191  25:38  Viper x3  
  200  25:49  Unknown x10  
  196  25:56  Roach x4  
  195  26:05  Overseer x3  
  195  26:06  Overseer  
  195  26:16  Roach x2  
  199  26:32  Spine Crawler  
  198  26:33  Spine Crawler  
  198  26:34  Spine Crawler  
  196  26:41  Roach x3  
  196  26:52  Drone  
  196  26:53  Drone x2, Hydralisk x4  
  199  26:58  Drone x4  
  199  26:59  Drone, Roach  
  200  27:01  Roach  
  199  27:12  Roach x14  
  199  27:15  Roach  
  199  27:17  Unknown  
  199  27:18  Unknown x4  
  199  27:40  Unknown  
  199  27:41  Unknown x2  
  199  27:48  Unknown x4  
  199  27:51  Drone  
  196  27:56  Roach x5  
  200  28:03  Hydralisk  
  200  28:04  Hydralisk x4  
  195  28:13  Spine Crawler  
  195  28:14  Spine Crawler  
  193  28:20  Roach  
  193  28:21  Roach x2  
  197  28:31  Roach x2  
  197  28:32  Roach x3  
  199  28:36  Drone  
  190  28:57  Roach x4  
  190  29:00  Overlord x2  
  190  29:01  Overlord  
  194  29:10  Unknown x8  
  194  29:11  Unknown  
  194  29:12  Overlord  
  194  29:18  Overlord  
  194  29:19  Roach x3  
  198  29:35  Roach x9  
  180  29:42  Roach x2  
  180  29:44  Roach  
  148  29:46  Hydralisk  
  148  29:51  Roach  
  148  29:52  Roach  
  154  29:54  Hatchery  
  154  29:56  Roach  
  154  29:58  Roach  
  154  29:59  Queen  
  157  30:02  Roach  
  157  30:04  Unknown x2  
  157  30:05  Roach x2  
  155  30:08  Ravager x3  
  155  30:09  Ravager x2  
  155  30:10  Roach  
  155  30:13  Roach  
  162  30:19  Roach x3  
  162  30:20  Roach x4  
  164  30:26  Roach x3  
  119  30:34  Hydralisk x4  
  96  30:48  Ravager  
  97  30:57  Unknown  
  97  30:58  Unknown x2  
  97  31:10  Unknown x4  
  94  31:33  Extractor  
  88  31:42  Roach  
  88  31:43  Queen  
  80  31:56  Roach  
  80  31:58  Zergling x14  
  79  32:17  Unknown  
Tags
 
Add a new tag
Caveats
  • Supply blocks, unpowered buildings, or Contaminate may cause inaccurate times.
  • Supply counts are checked every 10 seconds.